 Dungeon Crawl Stone Soup version 0.26.0-10-g1f06aea511 (webtiles) character file.

Game seed: 13738480179682162081

217 Arthanis the Firebug (level 5, -2/28 HPs)
             Began as a Deep Elf Fire Elementalist on Jan 18, 2021.
             Was a Follower of Vehumet.
             Slain by a centaur (6 damage)
             ... on level 3 of the Dungeon.
             The game lasted 00:04:28 (2684 turns).

Arthanis the Firebug (Deep Elf Fire Elementalist)   Turns: 2684, Time: 00:04:28

Health: -2/28      AC:  3    Str:  5    XL:     5   Next: 61%
Magic:  7/14       EV: 13    Int: 21    God:    Vehumet [*.....]
Gold:   185        SH:  0    Dex: 15    Spells: 5/13 levels left

rFire    + . .     SeeInvis .   c - +4 hand axe
rCold    x . .     Faith    .   (no shield)
rNeg     . . .     Spirit   .   a - +0 robe
rPois    .         Reflect  .   (no helmet)
rElec    .         Harm     .   (no cloak)
rCorr    .         Rampage  .   i - +0 pair of gloves
Will     .....                  (no boots)
Stlth    +.........             m - amulet of regeneration
HPRegen  0.49/turn              d - ring of attention (curse)
MPRegen  0.14/turn              s - ring of fire

@: no status effects
A: no striking features
a: Renounce Religion


You were on level 3 of the Dungeon.
You worshipped Vehumet.
Vehumet was aware of your devotion.
You visited 1 branch of the dungeon, and saw 3 of its levels.

You collected 185 gold pieces.

Inventory:

Hand Weapons
 c - a +4 hand axe (weapon)
Missiles
 o - a throwing net
Armour
 a - a +0 robe (worn)
 i - a +0 pair of gloves (worn)
Jewellery
 d - a cursed ring of attention (left hand)
 m - an amulet of regeneration (around neck)
 s - a ring of fire (right hand)
Scrolls
 e - 2 scrolls of immolation
 l - a scroll of identify
 q - 2 scrolls of remove curse
Potions
 b - a potion of lignification {unknown}
 g - a potion of flight {unknown}
 h - 3 potions of haste {unknown}
 k - a potion of cancellation {unknown}
 n - a potion of curing {unknown}
 p - a potion of brilliance {unknown}


   Skills:
 - Level 2.4 Dodging
 - Level 2.4 Stealth
 + Level 4.7 Spellcasting
 + Level 3.1 Conjurations
 * Level 5.4 Fire Magic


You had 5 spell levels left.
You knew the following spells:

 Your Spells              Type           Power        Failure   Level
a - Foxfire               Conj/Fire      100%         1%          1
b - Conjure Flame         Conj/Fire      34%          5%          3
c - Sticky Flame          Conj/Fire      34%          19%         4

Your spell library contained the following spells:

 Spells                   Type           Power        Failure   Level
 Freeze                   Ice            16%          11%         1
 Inner Flame              Hex/Fire       24%          11%         3
 Fireball                 Conj/Fire      17%          45%         5


Dungeon Overview and Level Annotations

Branches:
Dungeon (3/15)

Altars:
Gozag
Vehumet
Xom

Annotations:
D:3 Jessica, Terence


Message History

Really abort (and waste the scroll)?
Okay, then.
The goblin hits you.
The centaur unwields a +0 shortbow.
The centaur closely misses you. Terence hits you but does no damage.
The orc wizard completely misses you. The goblin misses you.
The orc wizard mumbles some strange words.
The orc wizard blinks!
The goblin hits you. The centaur hits you!
The orc wizard gestures at you while chanting.
You resist with some effort.
The goblin rages.
The goblin misses you.
The orc wizard hits you with a +0 dagger.
* * * LOW HITPOINT WARNING * * *
You see here an arrow.
The goblin hits you.
* * * LOW HITPOINT WARNING * * *
Terence says, "Rest in peace."
The centaur hits you.
You die...

#..........# #.........,,,,,,,,
##..........####.........,,,,,,,,
.........................,,,,,,,,
##..........####.).......,,,,,,,,
..........)..))..).......,,,,,,,,
######......##..o(.......,,,,,,,,
#......##.#oB@......,,,,,,,,
#......##.#cg@......,,,,,,,,
######......##v#@###'###.,,,,,,,,
.......#######...# *.# #.........
##...#.# #...#**,#*#.........
.....#.# #.#.+,,_,,'.........
##...#.# #...#*#***#.........
.......# #...# ##* #.........
####.### #*#.#######.........
......# #.................
......# *,,..........[....


You could see a centaur (inner flame), Terence (inner flame), 2 orc wizards,
Jessica (inner flame), a giant cockroach (inner flame) and a goblin (berserk,
inner flame).

Vanquished Creatures
  An orc priest (D:3)
  An orc wizard (D:3)
  Natasha (twice) (D:2)
  4 adders
  A shadow imp (D:2)
  An ooze (D:1)
  2 dart slugs
  2 leopard geckos
  5 orcs (D:3)
  A ball python (D:2)
  4 giant cockroaches
  2 goblins
  6 hobgoblins
  4 jackals (D:1)
  A quokka (D:3)
  6 bats
  2 frilled lizards (D:2)
  6 kobolds
  5 rats
56 creatures vanquished.

Vanquished Creatures (collateral kills)
  3 foxfires (D:1)
3 creatures vanquished.

Vanquished Creatures (others)
  229 foxfires
  A plant (D:1)
230 creatures vanquished.

Grand Total: 289 creatures vanquished

Notes
Turn   | Place    | Note
-------+----------+-------------------------------------------
     0 | D:1      | Arthanis the Deep Elf Fire Elementalist began the quest for
                  | the Orb.
     0 | D:1      | Reached XP level 1. HP: 10/10 MP: 6/6
   348 | D:1      | Reached XP level 2. HP: 15/15 MP: 4/8
   828 | D:2      | Reached skill level 4 in Fire Magic
   896 | D:2      | Reached XP level 3. HP: 19/19 MP: 0/10
   900 | D:2      | Learned a level 3 spell: Conjure Flame
   983 | D:2      | Found a radiant altar of Vehumet.
   995 | D:2      | Became a worshipper of Vehumet
  1506 | D:2      | Noticed Natasha
  1513 | D:2      | Killed Natasha
  1514 | D:2      | Reached XP level 4. HP: 24/24 MP: 3/11
  1519 | D:2      | Learned a level 4 spell: Sticky Flame
  1880 | D:2      | Found an opulent altar of Gozag.
  1915 | D:2      | Noticed Natasha
  1972 | D:2      | Killed Natasha
  2099 | D:2      | Found a shimmering altar of Xom.
  2253 | D:3      | Reached skill level 5 in Fire Magic
  2375 | D:3      | Reached * piety under Vehumet
  2375 | D:3      | Offered knowledge of Freeze by Vehumet.
  2433 | D:3      | Reached XP level 5. HP: 28/28 MP: 10/13
  2672 | D:3      | Noticed a centaur
  2672 | D:3      | Noticed Terence
  2676 | D:3      | Noticed Jessica
  2684 | D:3      | Slain by a centaur

Illustrated notes

Levels and vault maps discovered:
D:1:      roderic_crop_circles_arrival_small, layout_basic, columned_hall_lemuel
D:2:      layout_basic, lemuel_coloured_pillars_altar, vehumet_crystals,
          marbit_many_paths, minmay_pentomino_w2, uniq_natasha
D:3:      layout_basic, lemuel_round_altar, lemuel_doored_altar,
          minmay_misc_feat_more_columns, uniq_terence, uniq_jessica

Skill      XL: |  1  2  3  4  5 |
---------------+----------------+-----
Fire Magic     | 4 5 |  5.4
Conjurations   | 2 3 |  3.1
Spellcasting   | 4 |  4.7
Dodging        | |  2.4
Stealth        | |  2.4

Action                   |  1- 3 |  4- 6 || total
-------------------------+-------+-------++-------
Melee: Unarmed           |     1 |       ||     1
       Hand axe          |     4 |     3 ||     7
 Cast: Foxfire           |    83 |    65 ||   148
  Use: Scroll            |       |     5 ||     5
Armor: Robe              |     4 |     6 ||    10
Dodge: Dodged            |    15 |    25 ||    40
